[ AOE2 MATCH · #480249238 ]
UnrankedBohemians vs Portuguese
[ REPLAY ANALYSIS · EXTRACTED FROM THE RECORDED GAME ]
Feudal
10:39
Castle
24:19
Imperial
—
| APM avg | 24.3 |
| APM peak | 78 |
| eAPM avg | 12.6 |
| Villagers / military | 47 / 2 |
Focus
⚔️ 17.1% · 🌾 82.9%
Spearman ×2
Feudal
9:16
Castle
—
Imperial
—
| APM avg | 42.0 |
| APM peak | 82 |
| eAPM avg | 14.9 |
| Villagers / military | 57 / 21 |
Focus
⚔️ 29.0% · 🌾 71.0%
Scout Cavalry ×21
Feudal
8:31
Castle
24:02
Imperial
—
| APM avg | 33.6 |
| APM peak | 51 |
| eAPM avg | 16.7 |
| Villagers / military | 51 / 5 |
Focus
⚔️ 26.5% · 🌾 73.5%
Organ Gun ×4 · Mangonel ×1
Feudal
11:01
Castle
15:05
Imperial
—
| APM avg | 31.7 |
| APM peak | 89 |
| eAPM avg | 12.7 |
| Villagers / military | 69 / 4 |
Focus
⚔️ 20.7% · 🌾 79.3%
Unknown (1944) ×7 · Monk ×2 · Battering Ram ×2
Feudal
9:04
Castle
23:24
Imperial
—
| APM avg | 35.6 |
| APM peak | 66 |
| eAPM avg | 17.7 |
| Villagers / military | 88 / 15 |
Focus
⚔️ 21.4% · 🌾 78.6%
Battering Ram ×15
Feudal
10:07
Castle
14:26
Imperial
—
| APM avg | 44.0 |
| APM peak | 109 |
| eAPM avg | 16.7 |
| Villagers / military | 85 / 7 |
Focus
⚔️ 21.2% · 🌾 78.8%
Mangonel ×7
Feudal
10:28
Castle
26:25
Imperial
—
| APM avg | 58.7 |
| APM peak | 123 |
| eAPM avg | 18.5 |
| Villagers / military | 46 / 44 |
Focus
⚔️ 52.6% · 🌾 47.4%
Archer ×24 · Spearman ×16 · Militia ×4
Feudal
10:25
Castle
14:24
Imperial
—
| APM avg | 34.3 |
| APM peak | 74 |
| eAPM avg | 18.0 |
| Villagers / military | 82 / 33 |
Focus
⚔️ 28.7% · 🌾 71.3%
Camel Scout ×19 · Knight ×14
Match map
Initial resources + every placement click. Lines = walls · curves = elevation contours. ◆ gold · ⬟ stone · ● berries · ✦ relic · ◌ wall gap
Your base· ✓ Closed at 24:19 · 2t walls · 3 gate(s)
Hakka1_90's base· ✓ Closed at 12:00 · 0t walls · 2 gate(s)
Mapache's base· ✓ Closed at 24:02 · 3t walls · 2 gate(s)
The Bloody-Nine's base· ✓ Closed at 15:05 · 0t walls · 2 gate(s)
ITA | Raffy's base· ✓ Closed at 23:24 · 3t walls · 2 gate(s)
TheTarkanArmy's base· ✓ Closed at 14:26 · 0t walls · 3 gate(s)
ITA | CivettaLeotta's base· ✓ Closed at 26:25 · 0t walls · 3 gate(s)
HSL | KIRA's base· ✓ Closed at 14:24 · 0t walls · 3 gate(s)
Smoothed initial terrain · ◌ = detected wall gap · hover for details
Inputs per minute
— ITzMfMiyagi - - Hakka1_90
Build order — ITzMfMiyagi
107 actions detected in the replay
| 0:00 | Create | Villager (Male) |
| 0:02 | Build | House |
| 0:03 | Build | House |
| 0:05 | Create | Villager (Male) |
| 0:11 | Create | Villager (Male) |
| 0:13 | Create | Villager (Male) |
| 1:21 | Create | Villager (Male) |
| 1:51 | Create | Villager (Male) |
| 1:54 | Build | Lumber Camp |
| 2:16 | Create | Villager (Male) |
| 2:56 | Create | Villager (Male) |
| 2:56 | Create | Villager (Male) |
| 3:44 | Create | Villager (Male) |
| 3:55 | Build | House |
| 3:56 | Build | House |
| 4:06 | Create | Villager (Male) |
| 4:08 | Create | Villager (Male) |
| 4:33 | Create | Villager (Male) |
| 4:46 | Build | Mill |
| 5:31 | Create | Villager (Male) |
| 5:41 | Create | Villager (Male) |
| 5:44 | Create | Villager (Male) |
| 6:24 | Create | Villager (Male) |
| 7:08 | Create | Villager (Male) |
| 7:21 | Build | Farm |
| 7:24 | Build | Farm |
| 7:37 | Build | Farm |
| 7:39 | Create | Villager (Male) |
| 7:40 | Create | Villager (Male) |
| 8:07 | Build | Mining Camp |
| 8:27 | Research | Feudal Age |
| 8:33 | Build | Farm |
| 8:53 | Build | House |
| 8:57 | Build | Mining Camp |
| 9:37 | Research | Loom |
| 9:39 | Create | Villager (Male) |
| 9:57 | Build | Barracks |
| 10:02 | Build | House |
| 10:39 | Age | Feudal Age |
| 10:40 | Build | Watch Tower |
| 10:52 | Create | Spearman |
| 11:11 | Create | Villager (Male) |
| 11:31 | Build | Watch Tower |
| 11:36 | Create | Villager (Male) |
| 11:43 | Build | House |
| 11:44 | Build | House |
| 12:00 | Create | Villager (Male) |
| 12:23 | Create | Villager (Male) |
| 12:53 | Create | Villager (Male) |
| 12:54 | Create | Spearman |
| 13:17 | Create | Villager (Male) |
| 13:26 | Build | Blacksmith |
| 13:55 | Research | Fletching |
| 14:12 | Create | Villager (Male) |
| 14:12 | Create | Villager (Male) |
| 14:35 | Build | Watch Tower |
| 14:45 | Create | Villager (Male) |
| 14:49 | Build | Mill |
| 14:50 | Build | Farm |
| 14:50 | Build | Farm |
| 14:50 | Build | Farm |
| 14:50 | Build | Farm |
| 14:50 | Build | Farm |
| 14:51 | Build | Farm |
| 14:54 | Create | Villager (Male) |
| 15:37 | Create | Villager (Male) |
| 16:10 | Build | Farm |
| 16:10 | Build | Farm |
| 16:11 | Build | Farm |
| 16:13 | Create | Villager (Male) |
| 16:43 | Create | Villager (Male) |
| 17:02 | Build | Farm |
| 17:02 | Build | Farm |
| 17:22 | Create | Villager (Male) |
| 17:25 | Build | Farm |
| 17:43 | Build | Stone Wall |
| 17:53 | Create | Villager (Male) |
| 18:14 | Build | Farm |
| 18:15 | Create | Villager (Male) |
| 18:26 | Build | Market |
| 18:31 | Create | Villager (Male) |
| 18:55 | Create | Villager (Male) |
| 18:57 | Build | House |
| 19:00 | Build | House |
| 19:26 | Create | Villager (Male) |
| 19:30 | Research | Double-Bit Axe |
| 19:43 | Create | Villager (Male) |
| 20:06 | Research | Horse Collar |
| 20:09 | Build | Farm |
| 20:09 | Build | Farm |
| 20:09 | Build | Farm |
| 20:11 | Build | Farm |
| 20:24 | Create | Villager (Male) |
| 20:34 | Build | Farm |
| 20:40 | Create | Villager (Male) |
| 20:59 | Build | Farm |
| 21:13 | Create | Villager (Male) |
| 21:26 | Research | Castle Age |
| 22:16 | Build | Lumber Camp |
| 23:35 | Create | Villager (Male) |
| 24:09 | Build | Stone Wall |
| 24:19 | Age | Castle Age |
| 24:35 | Build | Castle |
| 24:37 | Build | Mining Camp |
| 25:42 | Build | Castle |
| 25:56 | Create | Villager (Male) |
| 26:08 | Create | Villager (Male) |
Build order — Hakka1_90
127 actions detected in the replay
| 0:00 | Create | Villager (Male) |
| 0:01 | Create | Villager (Male) |
| 0:01 | Create | Villager (Male) |
| 0:11 | Create | Villager (Male) |
| 0:12 | Create | Villager (Male) |
| 1:31 | Create | Villager (Male) |
| 1:32 | Create | Villager (Male) |
| 1:46 | Create | Villager (Male) |
| 2:15 | Build | Lumber Camp |
| 2:24 | Create | Villager (Male) |
| 2:48 | Create | Villager (Male) |
| 3:05 | Create | Villager (Male) |
| 3:06 | Create | Villager (Male) |
| 3:11 | Create | Villager (Male) |
| 3:11 | Create | Villager (Male) |
| 3:29 | Create | Villager (Male) |
| 3:29 | Create | Villager (Male) |
| 3:54 | Create | Villager (Male) |
| 3:55 | Create | Villager (Male) |
| 4:25 | Create | Villager (Male) |
| 4:47 | Build | Mill |
| 4:54 | Create | Villager (Male) |
| 5:08 | Create | Villager (Male) |
| 5:23 | Create | Villager (Male) |
| 5:32 | Create | Villager (Male) |
| 5:38 | Build | Farm |
| 5:50 | Create | Villager (Male) |
| 7:04 | Research | Feudal Age |
| 7:56 | Create | Villager (Male) |
| 7:59 | Build | Barracks |
| 8:32 | Create | Villager (Male) |
| 9:16 | Age | Feudal Age |
| 9:17 | Build | Stable |
| 9:19 | Create | Villager (Male) |
| 9:21 | Research | Double-Bit Axe |
| 10:08 | Create | Villager (Male) |
| 10:09 | Create | Scout Cavalry |
| 10:10 | Create | Scout Cavalry |
| 10:10 | Create | Scout Cavalry |
| 10:15 | Build | Farm |
| 10:19 | Research | Horse Collar |
| 10:27 | Create | Villager (Male) |
| 10:43 | Build | Farm |
| 10:47 | Build | Farm |
| 10:52 | Build | Farm |
| 10:53 | Create | Villager (Male) |
| 11:06 | Create | Scout Cavalry |
| 11:13 | Create | Villager (Male) |
| 11:17 | Build | Farm |
| 11:33 | Build | Mining Camp |
| 11:38 | Build | Farm |
| 11:38 | Create | Villager (Male) |
| 12:02 | Build | Farm |
| 13:01 | Create | Villager (Male) |
| 13:02 | Create | Villager (Male) |
| 13:03 | Build | Farm |
| 13:05 | Build | Farm |
| 13:08 | Build | Farm |
| 13:15 | Build | Farm |
| 13:29 | Build | Farm |
| 13:37 | Create | Villager (Male) |
| 13:42 | Build | Farm |
| 13:59 | Build | Mining Camp |
| 14:01 | Create | Villager (Male) |
| 14:02 | Create | Villager (Male) |
| 14:20 | Research | Loom |
| 14:34 | Create | Villager (Male) |
| 14:41 | Build | Blacksmith |
| 15:06 | Create | Villager (Male) |
| 15:20 | Create | Scout Cavalry |
| 15:20 | Create | Scout Cavalry |
| 15:29 | Build | Stone Wall |
| 16:03 | Create | Scout Cavalry |
| 16:03 | Create | Scout Cavalry |
| 16:11 | Create | Villager (Male) |
| 16:11 | Create | Villager (Male) |
| 16:14 | Build | Market |
| 16:16 | Create | Villager (Male) |
| 16:52 | Build | Mining Camp |
| 16:57 | Create | Villager (Male) |
| 17:07 | Create | Scout Cavalry |
| 17:07 | Create | Scout Cavalry |
| 17:13 | Research | Forging |
| 17:19 | Create | Villager (Male) |
| 18:07 | Create | Scout Cavalry |
| 18:07 | Create | Scout Cavalry |
| 18:21 | Create | Villager (Male) |
| 18:22 | Create | Villager (Male) |
| 18:22 | Create | Villager (Male) |
| 18:25 | Build | Farm |
| 18:31 | Build | Mill |
| 18:32 | Build | Farm |
| 18:32 | Build | Farm |
| 18:32 | Build | Farm |
| 18:33 | Build | Farm |
| 18:33 | Build | Farm |
| 18:33 | Build | Farm |
| 18:34 | Build | Farm |
| 18:39 | Create | Scout Cavalry |
| 18:39 | Create | Scout Cavalry |
| 18:49 | Build | Farm |
| 18:49 | Create | Villager (Male) |
| 18:52 | Build | Farm |
| 18:55 | Build | Farm |
| 18:56 | Build | Farm |
| 18:57 | Build | Farm |
| 19:07 | Create | Villager (Male) |
| 19:10 | Build | Farm |
| 19:16 | Create | Villager (Male) |
| 20:02 | Create | Scout Cavalry |
| 20:02 | Create | Scout Cavalry |
| 20:19 | Create | Villager (Male) |
| 20:24 | Create | Villager (Male) |
| 20:43 | Create | Scout Cavalry |
| 20:43 | Create | Scout Cavalry |
| 21:12 | Create | Scout Cavalry |
| 21:13 | Create | Scout Cavalry |
| 21:22 | Create | Villager (Male) |
| 21:22 | Create | Villager (Male) |
| 21:23 | Create | Villager (Male) |
| 21:32 | Create | Scout Cavalry |
| 21:43 | Build | Market |
| 22:32 | Build | Barracks |
| 23:23 | Build | Stone Wall |
| 23:32 | Create | Villager (Male) |
| 23:32 | Create | Villager (Male) |
| 24:01 | Build | Lumber Camp |
Build order — Mapache
119 actions detected in the replay
| 0:01 | Create | Villager (Male) |
| 0:02 | Build | House |
| 0:04 | Build | House |
| 0:09 | Create | Villager (Male) |
| 0:10 | Create | Villager (Male) |
| 0:15 | Create | Villager (Male) |
| 1:16 | Create | Villager (Male) |
| 1:48 | Build | Lumber Camp |
| 1:52 | Create | Villager (Male) |
| 2:19 | Create | Villager (Male) |
| 2:37 | Create | Villager (Male) |
| 2:37 | Create | Villager (Male) |
| 3:11 | Create | Villager (Male) |
| 3:20 | Create | Villager (Male) |
| 3:31 | Create | Villager (Male) |
| 3:51 | Build | House |
| 4:46 | Create | Villager (Male) |
| 5:07 | Create | Villager (Male) |
| 5:16 | Build | Mining Camp |
| 5:19 | Create | Villager (Male) |
| 5:56 | Research | Loom |
| 6:21 | Research | Feudal Age |
| 7:03 | Build | House |
| 8:20 | Create | Villager (Male) |
| 8:31 | Age | Feudal Age |
| 8:33 | Create | Villager (Male) |
| 8:38 | Build | Watch Tower |
| 8:52 | Build | Blacksmith |
| 8:57 | Create | Villager (Male) |
| 9:33 | Create | Villager (Male) |
| 9:39 | Research | Fletching |
| 9:45 | Create | Villager (Male) |
| 9:51 | Build | House |
| 10:04 | Create | Villager (Male) |
| 10:26 | Build | Watch Tower |
| 10:34 | Create | Villager (Male) |
| 10:56 | Build | Palisade Wall |
| 11:04 | Build | Palisade Wall |
| 11:06 | Build | Palisade Wall |
| 11:07 | Build | Palisade Wall |
| 11:12 | Create | Villager (Male) |
| 11:29 | Create | Villager (Male) |
| 11:31 | Build | Mill |
| 12:08 | Build | Watch Tower |
| 12:09 | Create | Villager (Male) |
| 12:40 | Build | Farm |
| 12:41 | Build | Farm |
| 12:43 | Build | Farm |
| 13:17 | Create | Villager (Male) |
| 13:32 | Create | Villager (Male) |
| 14:09 | Create | Villager (Male) |
| 14:14 | Build | House |
| 14:30 | Create | Villager (Male) |
| 14:35 | Build | Farm |
| 14:37 | Build | Farm |
| 14:38 | Create | Villager (Male) |
| 15:20 | Create | Villager (Male) |
| 15:22 | Build | Farm |
| 15:23 | Create | Villager (Male) |
| 15:25 | Build | House |
| 15:41 | Build | Watch Tower |
| 16:04 | Build | Watch Tower |
| 16:10 | Create | Villager (Male) |
| 16:21 | Create | Villager (Male) |
| 16:53 | Create | Villager (Male) |
| 16:55 | Create | Villager (Male) |
| 17:04 | Create | Villager (Male) |
| 17:21 | Build | Mining Camp |
| 17:32 | Build | Watch Tower |
| 17:33 | Create | Villager (Male) |
| 18:13 | Create | Villager (Male) |
| 18:17 | Build | House |
| 18:53 | Build | Lumber Camp |
| 18:53 | Create | Villager (Male) |
| 18:56 | Research | Double-Bit Axe |
| 18:57 | Research | Horse Collar |
| 18:58 | Create | Villager (Male) |
| 19:02 | Build | Farm |
| 19:04 | Build | Farm |
| 19:06 | Build | Farm |
| 19:53 | Create | Villager (Male) |
| 20:02 | Create | Villager (Male) |
| 20:06 | Build | Market |
| 20:07 | Create | Villager (Male) |
| 20:28 | Build | Farm |
| 20:30 | Build | Farm |
| 20:32 | Build | Farm |
| 20:35 | Build | Farm |
| 20:54 | Build | House |
| 21:06 | Build | Farm |
| 21:10 | Build | Farm |
| 21:22 | Research | Castle Age |
| 21:28 | Build | House |
| 21:40 | Build | House |
| 22:11 | Build | House |
| 24:02 | Age | Castle Age |
| 24:09 | Build | Siege Workshop |
| 24:14 | Build | Castle |
| 24:17 | Create | Villager (Male) |
| 24:20 | Research | Bow Saw |
| 24:21 | Create | Villager (Male) |
| 24:25 | Create | Villager (Male) |
| 24:32 | Create | Villager (Male) |
| 24:34 | Research | Gold Mining |
| 24:52 | Create | Mangonel |
| 24:55 | Create | Villager (Male) |
| 25:08 | Build | House |
| 25:11 | Build | Stone Wall |
| 25:44 | Create | Villager (Male) |
| 25:53 | Create | Villager (Male) |
| 25:56 | Build | House |
| 26:19 | Research | Imperial Age |
| 26:27 | Build | House |
| 26:31 | Create | Organ Gun |
| 26:48 | Build | House |
| 27:00 | Create | Organ Gun |
| 27:01 | Create | Organ Gun |
| 27:01 | Create | Organ Gun |
| 27:13 | Build | Lumber Camp |
Build order — The Bloody-Nine
First 150 of 154 actions detected
| 0:00 | Create | Villager (Male) |
| 0:01 | Create | Villager (Male) |
| 0:01 | Create | Villager (Male) |
| 0:03 | Build | House |
| 0:04 | Build | House |
| 0:07 | Create | Villager (Male) |
| 1:18 | Create | Villager (Male) |
| 1:47 | Build | Lumber Camp |
| 2:10 | Create | Villager (Male) |
| 2:11 | Create | Villager (Male) |
| 2:18 | Create | Villager (Male) |
| 3:14 | Create | Villager (Male) |
| 3:43 | Create | Villager (Male) |
| 3:47 | Create | Villager (Male) |
| 3:53 | Build | House |
| 3:54 | Build | House |
| 4:34 | Create | Villager (Male) |
| 4:34 | Create | Villager (Male) |
| 4:49 | Create | Villager (Male) |
| 4:59 | Build | Mill |
| 5:18 | Create | Villager (Male) |
| 5:18 | Create | Villager (Male) |
| 5:23 | Create | Villager (Male) |
| 5:23 | Create | Villager (Male) |
| 6:24 | Create | Villager (Male) |
| 6:40 | Build | Farm |
| 6:43 | Build | Farm |
| 7:03 | Create | Villager (Male) |
| 7:23 | Build | Farm |
| 7:58 | Create | Villager (Male) |
| 8:29 | Research | Feudal Age |
| 8:38 | Build | Mining Camp |
| 9:23 | Build | House |
| 9:59 | Create | Villager (Male) |
| 10:19 | Build | Barracks |
| 11:01 | Age | Feudal Age |
| 11:16 | Build | Stable |
| 11:37 | Build | Blacksmith |
| 11:51 | Create | Villager (Male) |
| 12:25 | Research | Castle Age |
| 12:40 | Research | Horse Collar |
| 12:42 | Build | Farm |
| 12:44 | Build | Farm |
| 13:15 | Build | Farm |
| 13:19 | Research | Bloodlines |
| 13:34 | Build | House |
| 13:36 | Build | House |
| 14:07 | Research | Forging |
| 14:24 | Build | House |
| 14:34 | Create | Villager (Male) |
| 14:46 | Build | Farm |
| 15:05 | Age | Castle Age |
| 15:07 | Build | Siege Workshop |
| 15:08 | Research | Loom |
| 15:11 | Create | Unit 1944 |
| 15:11 | Create | Unit 1944 |
| 15:12 | Create | Villager (Male) |
| 15:34 | Build | Town Center |
| 15:56 | Create | Villager (Male) |
| 16:26 | Create | Unit 1944 |
| 16:46 | Create | Villager (Male) |
| 16:51 | Create | Battering Ram |
| 16:54 | Create | Unit 1944 |
| 17:06 | Create | Villager (Male) |
| 17:20 | Create | Villager (Male) |
| 17:22 | Create | Unit 1944 |
| 17:27 | Build | House |
| 17:28 | Build | House |
| 17:29 | Build | House |
| 17:39 | Create | Unit 1944 |
| 18:07 | Create | Villager (Male) |
| 18:12 | Create | Villager (Male) |
| 18:16 | Create | Battering Ram |
| 18:21 | Create | Villager (Male) |
| 18:37 | Build | Monastery |
| 18:37 | Create | Villager (Male) |
| 18:44 | Create | Unit 1944 |
| 19:16 | Create | Villager (Male) |
| 19:41 | Create | Monk |
| 19:43 | Create | Villager (Male) |
| 19:53 | Build | House |
| 19:54 | Build | House |
| 19:54 | Create | Villager (Male) |
| 19:59 | Build | Town Center |
| 20:05 | Build | Farm |
| 20:21 | Create | Villager (Male) |
| 20:40 | Create | Villager (Male) |
| 20:43 | Build | Farm |
| 21:04 | Build | Market |
| 21:06 | Create | Villager (Male) |
| 21:29 | Create | Villager (Male) |
| 21:37 | Build | Farm |
| 21:38 | Build | Farm |
| 21:42 | Build | Farm |
| 21:45 | Create | Villager (Male) |
| 22:02 | Create | Villager (Male) |
| 22:12 | Research | Heavy Plow |
| 22:14 | Build | Farm |
| 22:15 | Build | Farm |
| 22:19 | Build | Farm |
| 22:33 | Create | Villager (Male) |
| 22:40 | Create | Villager (Male) |
| 22:58 | Create | Villager (Male) |
| 23:01 | Build | Farm |
| 23:02 | Build | Farm |
| 23:03 | Build | Farm |
| 23:05 | Build | Farm |
| 23:05 | Create | Villager (Male) |
| 23:16 | Build | Town Center |
| 23:17 | Create | Villager (Male) |
| 23:30 | Create | Villager (Male) |
| 23:36 | Build | Farm |
| 23:37 | Build | Farm |
| 23:38 | Create | Villager (Male) |
| 23:47 | Build | Lumber Camp |
| 23:47 | Create | Villager (Male) |
| 24:02 | Create | Villager (Male) |
| 24:10 | Create | Villager (Male) |
| 24:35 | Create | Villager (Male) |
| 24:36 | Create | Villager (Male) |
| 25:01 | Create | Villager (Male) |
| 25:04 | Create | Villager (Male) |
| 25:08 | Create | Villager (Male) |
| 25:13 | Build | Farm |
| 25:14 | Build | Farm |
| 25:14 | Build | Farm |
| 25:14 | Build | Farm |
| 25:15 | Build | Farm |
| 25:15 | Build | Farm |
| 25:15 | Build | Farm |
| 25:16 | Build | Farm |
| 25:16 | Build | Farm |
| 25:18 | Create | Villager (Male) |
| 25:18 | Create | Villager (Male) |
| 25:18 | Create | Villager (Male) |
| 25:25 | Create | Villager (Male) |
| 25:29 | Build | Mining Camp |
| 25:30 | Create | Villager (Male) |
| 25:41 | Create | Monk |
| 25:43 | Create | Villager (Male) |
| 25:44 | Create | Villager (Male) |
| 25:45 | Create | Villager (Male) |
| 26:02 | Research | Double-Bit Axe |
| 26:04 | Create | Villager (Male) |
| 26:13 | Create | Villager (Male) |
| 26:18 | Create | Villager (Male) |
| 26:23 | Build | Farm |
| 26:24 | Build | Farm |
| 26:25 | Build | Farm |
| 26:26 | Create | Villager (Male) |
Build order — ITA | Raffy
First 150 of 177 actions detected
| 0:03 | Create | Villager (Male) ×4 |
| 0:05 | Build | House |
| 0:09 | Build | House |
| 1:38 | Create | Villager (Male) |
| 1:52 | Create | Villager (Male) |
| 1:57 | Build | Lumber Camp |
| 2:26 | Create | Villager (Male) |
| 2:26 | Create | Villager (Male) |
| 2:54 | Create | Villager (Male) |
| 2:56 | Create | Villager (Male) |
| 3:15 | Build | House |
| 3:43 | Create | Villager (Male) |
| 3:44 | Create | Villager (Male) |
| 3:57 | Build | Mill |
| 4:01 | Create | Villager (Male) |
| 4:01 | Create | Villager (Male) |
| 4:32 | Create | Villager (Male) |
| 4:34 | Create | Villager (Male) |
| 5:10 | Create | Villager (Male) |
| 5:11 | Create | Villager (Male) |
| 6:04 | Create | Villager (Male) |
| 6:17 | Create | Villager (Male) |
| 6:54 | Research | Feudal Age |
| 7:53 | Build | House |
| 8:21 | Create | Villager (Male) |
| 8:21 | Create | Villager (Male) |
| 8:38 | Build | House |
| 9:04 | Age | Feudal Age |
| 9:11 | Build | Town Center |
| 9:47 | Research | Double-Bit Axe |
| 9:52 | Build | Mining Camp |
| 10:11 | Build | Blacksmith |
| 10:14 | Create | Villager (Male) |
| 10:14 | Create | Villager (Male) |
| 10:30 | Create | Villager (Male) |
| 11:04 | Build | Siege Workshop |
| 11:16 | Build | Siege Workshop |
| 11:20 | Create | Villager (Male) |
| 11:20 | Create | Villager (Male) |
| 11:29 | Build | Farm |
| 11:30 | Build | Farm |
| 11:31 | Create | Villager (Male) |
| 11:37 | Build | Farm |
| 11:39 | Build | Farm |
| 11:41 | Create | Villager (Male) |
| 11:48 | Build | House |
| 11:59 | Build | Farm |
| 12:03 | Build | House |
| 12:08 | Create | Battering Ram |
| 12:10 | Create | Villager (Male) |
| 12:14 | Build | House |
| 12:15 | Build | House |
| 12:42 | Create | Battering Ram |
| 12:53 | Build | House |
| 13:07 | Create | Villager (Male) |
| 13:31 | Create | Battering Ram |
| 13:31 | Create | Battering Ram |
| 13:36 | Create | Villager (Male) |
| 13:37 | Create | Villager (Male) |
| 13:40 | Create | Villager (Male) |
| 13:46 | Build | House |
| 13:49 | Create | Villager (Male) |
| 13:49 | Create | Villager (Male) |
| 13:57 | Build | Farm |
| 14:10 | Create | Villager (Male) |
| 14:15 | Build | Farm |
| 14:18 | Build | Farm |
| 14:30 | Build | House |
| 14:38 | Build | Farm |
| 14:39 | Create | Villager (Male) |
| 14:39 | Create | Villager (Male) |
| 15:01 | Create | Villager (Male) |
| 15:01 | Create | Villager (Male) |
| 15:06 | Build | House |
| 15:14 | Create | Villager (Male) |
| 15:20 | Build | Farm |
| 15:21 | Build | Farm |
| 15:43 | Build | Farm |
| 15:45 | Build | House |
| 16:02 | Build | Farm |
| 16:03 | Create | Villager (Male) |
| 16:03 | Create | Villager (Male) |
| 16:21 | Build | Farm |
| 16:23 | Create | Villager (Male) |
| 16:24 | Create | Villager (Male) |
| 16:28 | Build | House |
| 16:46 | Create | Villager (Male) |
| 16:49 | Build | Farm |
| 16:50 | Create | Villager (Male) |
| 17:01 | Build | House |
| 17:07 | Create | Villager (Male) |
| 17:12 | Build | Farm |
| 17:15 | Create | Battering Ram |
| 17:15 | Create | Battering Ram |
| 17:15 | Create | Battering Ram |
| 18:10 | Create | Battering Ram |
| 18:17 | Build | Siege Workshop |
| 18:21 | Research | Loom |
| 18:26 | Research | Wheelbarrow |
| 18:44 | Build | Farm |
| 19:08 | Create | Villager (Male) |
| 19:23 | Create | Villager (Male) |
| 19:23 | Create | Villager (Male) |
| 20:01 | Build | Palisade Wall |
| 20:03 | Build | Palisade Wall |
| 20:04 | Build | Palisade Wall |
| 20:21 | Build | Lumber Camp |
| 20:28 | Research | Castle Age |
| 20:59 | Create | Battering Ram |
| 21:44 | Build | Farm |
| 21:45 | Build | Farm |
| 21:46 | Build | Farm |
| 21:49 | Build | Farm |
| 21:50 | Build | Farm |
| 21:52 | Research | Horse Collar |
| 22:06 | Build | House |
| 22:08 | Create | Villager (Male) |
| 22:08 | Create | Villager (Male) |
| 22:08 | Create | Villager (Male) |
| 22:13 | Research | Gold Mining |
| 22:20 | Build | Town Center |
| 22:25 | Create | Villager (Male) |
| 22:31 | Create | Battering Ram |
| 22:31 | Create | Battering Ram |
| 22:54 | Create | Villager (Male) |
| 22:54 | Create | Villager (Male) |
| 22:54 | Create | Villager (Male) |
| 23:15 | Create | Battering Ram |
| 23:15 | Create | Battering Ram |
| 23:20 | Build | Farm |
| 23:21 | Build | Farm |
| 23:24 | Age | Castle Age |
| 23:26 | Build | Farm |
| 23:28 | Create | Villager (Male) |
| 23:29 | Create | Villager (Male) |
| 23:48 | Create | Villager (Male) |
| 23:48 | Create | Villager (Male) |
| 23:49 | Create | Villager (Male) |
| 23:52 | Build | Mining Camp |
| 24:00 | Research | Capped Ram (upgrade) |
| 24:06 | Build | Farm |
| 24:07 | Create | Villager (Male) |
| 24:07 | Create | Villager (Male) |
| 24:26 | Create | Villager (Male) |
| 24:26 | Create | Villager (Male) |
| 24:26 | Create | Villager (Male) |
| 24:29 | Research | Bow Saw |
| 24:44 | Create | Battering Ram |
| 24:45 | Create | Battering Ram |
| 24:58 | Create | Villager (Male) |
Build order — TheTarkanArmy
First 150 of 162 actions detected
| 0:01 | Create | Villager (Male) |
| 0:01 | Create | Villager (Male) |
| 0:02 | Create | Villager (Male) |
| 0:03 | Build | House |
| 0:04 | Build | House |
| 0:12 | Create | Villager (Male) |
| 0:13 | Create | Villager (Male) |
| 1:32 | Build | Lumber Camp |
| 1:34 | Create | Villager (Male) |
| 1:34 | Create | Villager (Male) |
| 1:54 | Create | Villager (Male) |
| 2:12 | Create | Villager (Male) |
| 2:13 | Create | Villager (Male) |
| 2:47 | Create | Villager (Male) |
| 3:05 | Create | Villager (Male) |
| 3:05 | Create | Villager (Male) |
| 3:30 | Create | Villager (Male) |
| 3:30 | Create | Villager (Male) |
| 4:10 | Build | House |
| 4:11 | Create | Villager (Male) |
| 4:11 | Create | Villager (Male) |
| 4:11 | Create | Villager (Male) |
| 4:43 | Create | Villager (Male) |
| 4:43 | Create | Villager (Male) |
| 4:57 | Create | Villager (Male) |
| 4:57 | Create | Villager (Male) |
| 5:04 | Build | Mill |
| 5:31 | Create | Villager (Male) |
| 5:31 | Create | Villager (Male) |
| 5:32 | Create | Villager (Male) |
| 5:32 | Create | Villager (Male) |
| 5:32 | Create | Villager (Male) |
| 6:25 | Build | House |
| 6:40 | Create | Villager (Male) |
| 7:03 | Create | Villager (Male) |
| 7:25 | Build | Lumber Camp |
| 7:29 | Create | Villager (Male) |
| 7:57 | Research | Feudal Age |
| 9:08 | Create | Villager (Male) |
| 9:08 | Create | Villager (Male) |
| 10:01 | Build | Farm |
| 10:03 | Build | Farm |
| 10:06 | Build | Farm |
| 10:07 | Age | Feudal Age |
| 10:09 | Build | Farm |
| 10:10 | Create | Villager (Male) |
| 10:10 | Create | Villager (Male) |
| 10:21 | Build | Market |
| 10:23 | Build | Blacksmith |
| 11:11 | Build | Farm |
| 11:13 | Build | House |
| 11:46 | Research | Castle Age |
| 11:46 | Research | Castle Age |
| 12:42 | Research | Horse Collar |
| 12:42 | Research | Horse Collar |
| 12:53 | Build | Farm |
| 12:55 | Build | Farm |
| 13:06 | Build | Farm |
| 13:12 | Research | Double-Bit Axe |
| 13:12 | Research | Double-Bit Axe |
| 13:24 | Build | Farm |
| 13:44 | Build | Mining Camp |
| 14:07 | Create | Villager (Male) |
| 14:08 | Create | Villager (Male) |
| 14:26 | Age | Castle Age |
| 14:31 | Research | Bow Saw |
| 14:32 | Research | Bow Saw |
| 14:40 | Build | Siege Workshop |
| 14:55 | Build | Town Center |
| 15:30 | Create | Villager (Male) |
| 15:43 | Build | Siege Workshop |
| 15:54 | Create | Villager (Male) |
| 16:16 | Create | Mangonel |
| 16:18 | Build | House |
| 16:30 | Create | Villager (Male) |
| 16:33 | Create | Villager (Male) |
| 16:34 | Create | Villager (Male) |
| 17:00 | Create | Mangonel |
| 17:01 | Build | House |
| 18:04 | Create | Mangonel |
| 18:05 | Create | Villager (Male) |
| 18:05 | Create | Villager (Male) |
| 18:05 | Create | Villager (Male) |
| 18:22 | Build | House |
| 18:44 | Create | Villager (Male) |
| 18:44 | Create | Villager (Male) |
| 19:49 | Create | Villager (Male) |
| 19:49 | Create | Villager (Male) |
| 19:53 | Create | Mangonel |
| 19:56 | Create | Villager (Male) |
| 19:56 | Create | Villager (Male) |
| 20:11 | Create | Mangonel |
| 20:18 | Create | Villager (Male) |
| 20:18 | Create | Villager (Male) |
| 20:24 | Build | Town Center |
| 21:16 | Create | Villager (Male) |
| 21:16 | Create | Villager (Male) |
| 21:37 | Create | Villager (Male) |
| 21:37 | Create | Villager (Male) |
| 21:45 | Create | Mangonel |
| 21:55 | Create | Villager (Male) |
| 21:55 | Create | Villager (Male) |
| 22:24 | Create | Villager (Male) |
| 22:24 | Create | Villager (Male) |
| 22:29 | Build | House |
| 22:53 | Create | Mangonel |
| 22:55 | Create | Villager (Male) |
| 22:55 | Create | Villager (Male) |
| 22:55 | Create | Villager (Male) |
| 23:30 | Create | Villager (Male) |
| 23:30 | Create | Villager (Male) |
| 23:38 | Build | Town Center |
| 23:46 | Build | Siege Workshop |
| 23:55 | Create | Villager (Male) |
| 23:56 | Create | Villager (Male) |
| 24:00 | Build | Farm |
| 24:01 | Build | Farm |
| 24:04 | Build | Farm |
| 24:06 | Build | Farm |
| 24:20 | Build | Farm |
| 24:22 | Build | Farm |
| 24:24 | Build | Farm |
| 24:25 | Build | Farm |
| 24:26 | Create | Villager (Male) |
| 24:26 | Create | Villager (Male) |
| 24:26 | Create | Villager (Male) |
| 24:33 | Build | House |
| 24:34 | Build | House |
| 24:34 | Build | House |
| 24:48 | Build | Farm |
| 24:48 | Build | Farm |
| 24:48 | Build | Farm |
| 24:49 | Build | Farm |
| 24:49 | Build | Farm |
| 24:55 | Research | Wheelbarrow |
| 24:58 | Research | Loom |
| 24:59 | Create | Villager (Male) |
| 24:59 | Create | Villager (Male) |
| 24:59 | Create | Villager (Male) |
| 24:59 | Create | Villager (Male) |
| 24:59 | Create | Villager (Male) |
| 25:05 | Build | Farm |
| 25:07 | Build | Farm |
| 25:10 | Build | Farm |
| 25:13 | Build | Farm |
| 25:16 | Create | Villager (Male) |
| 25:16 | Create | Villager (Male) |
| 25:22 | Build | Farm |
| 25:26 | Create | Villager (Male) |
| 25:26 | Create | Villager (Male) |
Build order — ITA | CivettaLeotta
136 actions detected in the replay
| 0:00 | Create | Villager (Male) |
| 0:01 | Create | Villager (Male) |
| 0:01 | Create | Villager (Male) |
| 0:01 | Create | Villager (Male) |
| 0:01 | Create | Villager (Male) |
| 1:11 | Create | Villager (Male) |
| 1:11 | Create | Villager (Male) |
| 1:46 | Build | Lumber Camp |
| 2:04 | Create | Villager (Male) |
| 2:04 | Create | Villager (Male) |
| 2:27 | Create | Villager (Male) |
| 2:56 | Create | Villager (Male) |
| 2:56 | Create | Villager (Male) |
| 3:14 | Create | Villager (Male) |
| 3:14 | Create | Villager (Male) |
| 3:44 | Create | Villager (Male) |
| 3:45 | Create | Villager (Male) |
| 3:45 | Create | Villager (Male) |
| 4:34 | Create | Villager (Male) |
| 4:56 | Create | Villager (Male) |
| 5:07 | Create | Villager (Male) |
| 5:40 | Build | Barracks |
| 6:02 | Create | Villager (Male) |
| 7:01 | Build | Mill |
| 7:03 | Create | Villager (Male) |
| 7:03 | Create | Villager (Male) |
| 7:53 | Create | Villager (Male) |
| 8:02 | Research | Feudal Age |
| 8:16 | Build | Mining Camp |
| 8:25 | Create | Militia |
| 8:26 | Create | Militia |
| 8:26 | Create | Militia |
| 10:07 | Create | Villager (Male) |
| 10:07 | Create | Villager (Male) |
| 10:28 | Age | Feudal Age |
| 10:34 | Build | Archery Range |
| 10:49 | Create | Spearman |
| 10:52 | Research | Man-at-Arms (upgrade) |
| 10:55 | Research | Arson |
| 10:58 | Create | Villager (Male) |
| 11:08 | Build | Farm |
| 11:11 | Build | Farm |
| 11:13 | Build | Farm |
| 11:27 | Create | Archer |
| 11:27 | Create | Archer |
| 11:37 | Create | Villager (Male) |
| 11:41 | Build | Farm |
| 11:43 | Build | Farm |
| 11:59 | Create | Villager (Male) |
| 12:03 | Create | Archer |
| 12:22 | Create | Archer |
| 12:23 | Create | Villager (Male) |
| 12:32 | Create | Archer |
| 12:53 | Create | Spearman |
| 12:53 | Create | Spearman |
| 13:01 | Create | Villager (Male) |
| 13:10 | Build | Blacksmith |
| 13:21 | Create | Spearman |
| 13:34 | Create | Spearman |
| 13:36 | Create | Archer |
| 13:51 | Create | Spearman |
| 13:56 | Create | Archer |
| 14:04 | Research | Fletching |
| 14:06 | Create | Archer |
| 14:10 | Create | Spearman |
| 14:17 | Build | Farm |
| 15:04 | Create | Archer |
| 15:06 | Create | Villager (Male) |
| 15:07 | Create | Villager (Male) |
| 15:18 | Create | Archer |
| 15:45 | Create | Archer |
| 15:54 | Create | Archer |
| 16:28 | Create | Archer |
| 16:30 | Create | Villager (Male) |
| 16:30 | Create | Villager (Male) |
| 16:41 | Build | Archery Range |
| 16:57 | Create | Archer |
| 17:08 | Create | Villager (Male) |
| 17:31 | Create | Villager (Male) |
| 18:10 | Create | Archer |
| 18:23 | Create | Villager (Male) |
| 18:23 | Create | Villager (Male) |
| 18:25 | Build | Farm |
| 18:25 | Create | Villager (Male) |
| 18:29 | Build | Farm |
| 18:29 | Build | Farm |
| 18:29 | Build | Farm |
| 18:30 | Build | Farm |
| 18:30 | Build | Farm |
| 18:31 | Create | Archer |
| 18:40 | Create | Spearman |
| 18:40 | Create | Spearman |
| 18:58 | Create | Archer |
| 19:06 | Create | Spearman |
| 19:11 | Create | Spearman |
| 19:15 | Build | Farm |
| 19:15 | Build | Farm |
| 19:16 | Build | Farm |
| 19:16 | Build | Farm |
| 19:17 | Research | Horse Collar |
| 19:18 | Create | Spearman |
| 19:18 | Create | Militia |
| 19:20 | Research | Double-Bit Axe |
| 19:51 | Create | Spearman |
| 20:01 | Research | Forging |
| 20:15 | Create | Spearman |
| 20:38 | Create | Spearman |
| 20:41 | Research | Scale Mail Armor |
| 21:38 | Create | Spearman |
| 21:58 | Create | Archer |
| 21:58 | Create | Archer |
| 21:59 | Create | Villager (Male) |
| 22:02 | Build | Farm |
| 22:03 | Build | Farm |
| 22:03 | Build | Farm |
| 22:03 | Create | Villager (Male) |
| 22:04 | Create | Villager (Male) |
| 22:07 | Research | Loom |
| 22:10 | Build | Farm |
| 22:10 | Build | Farm |
| 22:11 | Build | Farm |
| 23:45 | Research | Castle Age |
| 23:50 | Create | Archer |
| 23:50 | Create | Archer |
| 23:55 | Create | Archer |
| 23:55 | Create | Archer |
| 24:15 | Create | Villager (Male) |
| 24:22 | Build | Lumber Camp |
| 24:42 | Create | Archer |
| 24:43 | Create | Villager (Male) |
| 25:08 | Research | Wheelbarrow |
| 26:18 | Create | Villager (Male) |
| 26:25 | Age | Castle Age |
| 27:05 | Research | Crossbowman (upgrade) |
| 27:06 | Research | Bodkin Arrow |
| 27:10 | Research | Thumb Ring |
Build order — HSL | KIRA
First 150 of 182 actions detected
| 0:01 | Create | Villager (Male) |
| 0:01 | Create | Villager (Male) |
| 0:01 | Create | Villager (Male) |
| 0:02 | Create | Villager (Male) |
| 0:03 | Build | House |
| 0:04 | Build | House |
| 0:13 | Create | Villager (Male) |
| 1:25 | Create | Villager (Male) |
| 1:25 | Create | Villager (Male) |
| 1:25 | Create | Villager (Male) |
| 1:41 | Build | Lumber Camp |
| 1:51 | Create | Villager (Male) |
| 2:20 | Create | Villager (Male) |
| 2:20 | Create | Villager (Male) |
| 2:36 | Create | Villager (Male) |
| 2:36 | Create | Villager (Male) |
| 2:57 | Create | Villager (Male) |
| 2:58 | Create | Villager (Male) |
| 3:16 | Build | House |
| 3:17 | Build | House |
| 3:18 | Build | House |
| 3:29 | Create | Villager (Male) |
| 3:30 | Create | Villager (Male) |
| 3:51 | Create | Villager (Male) |
| 3:51 | Create | Villager (Male) |
| 4:17 | Create | Villager (Male) |
| 4:18 | Create | Villager (Male) |
| 4:49 | Build | Mill |
| 5:07 | Create | Villager (Male) |
| 5:21 | Create | Villager (Male) |
| 5:35 | Create | Villager (Male) |
| 6:09 | Build | Mining Camp |
| 6:11 | Create | Villager (Male) |
| 6:34 | Create | Villager (Male) |
| 7:02 | Create | Villager (Male) |
| 7:22 | Create | Villager (Male) |
| 7:30 | Build | Farm |
| 7:30 | Build | Farm |
| 7:32 | Build | Farm |
| 7:53 | Create | Villager (Male) |
| 8:17 | Research | Feudal Age |
| 8:24 | Build | Farm |
| 8:38 | Build | Barracks |
| 9:10 | Create | Villager (Male) |
| 9:10 | Create | Villager (Male) |
| 10:25 | Age | Feudal Age |
| 10:27 | Build | Stable |
| 10:30 | Build | Blacksmith |
| 11:05 | Research | Loom |
| 11:59 | Research | Castle Age |
| 12:37 | Create | Villager (Male) |
| 12:42 | Research | Horse Collar |
| 13:07 | Build | Farm |
| 13:08 | Build | Farm |
| 13:09 | Build | Farm |
| 14:10 | Research | Scale Barding Armor |
| 14:18 | Build | Stable |
| 14:24 | Age | Castle Age |
| 14:25 | Create | Knight |
| 14:25 | Create | Knight |
| 14:31 | Create | Villager (Male) |
| 14:38 | Create | Villager (Male) |
| 14:50 | Create | Knight |
| 14:59 | Build | House |
| 15:04 | Research | Bloodlines |
| 15:06 | Create | Knight |
| 15:07 | Create | Knight |
| 15:23 | Create | Villager (Male) |
| 15:32 | Build | Farm |
| 15:44 | Create | Knight |
| 15:45 | Create | Knight |
| 15:51 | Build | House |
| 16:14 | Create | Knight |
| 16:14 | Create | Knight |
| 16:18 | Create | Villager (Male) |
| 16:22 | Build | House |
| 16:29 | Create | Knight |
| 16:29 | Create | Knight |
| 16:54 | Create | Camel Scout |
| 16:54 | Create | Camel Scout |
| 16:55 | Create | Camel Scout |
| 17:08 | Create | Villager (Male) |
| 17:11 | Build | Farm |
| 17:12 | Build | Farm |
| 17:30 | Create | Knight |
| 17:30 | Create | Knight |
| 17:38 | Build | Farm |
| 17:39 | Build | Farm |
| 17:54 | Create | Camel Scout |
| 17:54 | Create | Camel Scout |
| 18:10 | Build | Farm |
| 18:24 | Build | Farm |
| 18:24 | Create | Villager (Male) |
| 18:37 | Create | Camel Scout |
| 18:38 | Create | Camel Scout |
| 18:45 | Create | Villager (Male) |
| 18:49 | Build | Farm |
| 18:53 | Build | House |
| 19:21 | Create | Villager (Male) |
| 19:23 | Build | Farm |
| 19:23 | Create | Villager (Male) |
| 19:41 | Create | Camel Scout |
| 19:41 | Create | Camel Scout |
| 19:41 | Create | Camel Scout |
| 19:51 | Create | Villager (Male) |
| 19:58 | Create | Villager (Male) |
| 20:26 | Create | Villager (Male) |
| 20:42 | Build | Town Center |
| 20:49 | Research | Forging |
| 20:50 | Create | Villager (Male) |
| 21:15 | Build | Lumber Camp |
| 21:31 | Create | Villager (Male) |
| 21:42 | Build | Farm |
| 22:16 | Create | Knight |
| 22:16 | Create | Camel Scout |
| 22:16 | Create | Camel Scout |
| 22:17 | Create | Camel Scout |
| 22:17 | Create | Camel Scout |
| 22:17 | Create | Camel Scout |
| 22:29 | Create | Villager (Male) |
| 22:31 | Create | Villager (Male) |
| 22:31 | Create | Villager (Male) |
| 22:45 | Create | Camel Scout |
| 22:45 | Create | Camel Scout |
| 23:02 | Create | Camel Scout |
| 23:03 | Create | Camel Scout |
| 23:10 | Create | Villager (Male) |
| 23:22 | Create | Villager (Male) |
| 23:26 | Build | Farm |
| 23:27 | Build | Farm |
| 23:28 | Build | Farm |
| 23:30 | Build | Farm |
| 23:30 | Create | Villager (Male) |
| 23:42 | Create | Villager (Male) |
| 23:47 | Create | Villager (Male) |
| 23:47 | Create | Villager (Male) |
| 23:51 | Build | Town Center |
| 24:04 | Build | Farm |
| 24:06 | Build | Farm |
| 24:07 | Build | Farm |
| 24:09 | Build | Farm |
| 24:14 | Create | Villager (Male) |
| 24:39 | Research | Town Watch |
| 24:39 | Research | Wheelbarrow |
| 24:41 | Build | House |
| 24:43 | Build | House |
| 25:00 | Build | House |
| 25:19 | Create | Villager (Male) |
| 25:21 | Create | Villager (Male) |
| 25:22 | Create | Villager (Male) |
Match timeline
| 5:40 | ITA | CivettaLeotta · first_building Barracks |
| 7:59 | Hakka1_90 · first_building Barracks |
| 8:31 | Mapache · age_up feudal |
| 8:38 | HSL | KIRA · first_building Barracks |
| 9:04 | ITA | Raffy · age_up feudal |
| 9:16 | Hakka1_90 · age_up feudal |
| 9:17 | Hakka1_90 · first_building Stable |
| 9:57 | ITzMfMiyagi · first_building Barracks |
| 10:07 | TheTarkanArmy · age_up feudal |
| 10:19 | The Bloody-Nine · first_building Barracks |
| 10:25 | HSL | KIRA · age_up feudal |
| 10:27 | HSL | KIRA · first_building Stable |
| 10:28 | ITA | CivettaLeotta · age_up feudal |
| 10:34 | ITA | CivettaLeotta · first_building Archery Range |
| 10:39 | ITzMfMiyagi · age_up feudal |
| 10:56 | Mapache · wall_segment Palisade Wall x1 |
| 11:01 | The Bloody-Nine · age_up feudal |
| 11:04 | ITA | Raffy · first_building Siege Workshop |
| 11:04 | Mapache · wall_segment Palisade Wall x1 |
| 11:06 | Mapache · wall_segment Palisade Wall x1 |
| 11:07 | Mapache · wall_segment Palisade Wall x1 |
| 11:16 | The Bloody-Nine · first_building Stable |
| 14:24 | HSL | KIRA · age_up castle |
| 14:26 | TheTarkanArmy · age_up castle |
| 14:40 | TheTarkanArmy · first_building Siege Workshop |
| 15:05 | The Bloody-Nine · age_up castle |
| 15:07 | The Bloody-Nine · first_building Siege Workshop |
| 15:29 | Hakka1_90 · wall_segment Stone Wall x5 |
| 16:56 | TheTarkanArmy · first_market_sell 100 food |
| 17:43 | ITzMfMiyagi · wall_segment Stone Wall x1 |
| 18:37 | The Bloody-Nine · first_building Monastery |
| 20:01 | ITA | Raffy · wall_segment Palisade Wall x1 |
| 20:03 | ITA | Raffy · wall_segment Palisade Wall x1 |
| 20:04 | ITA | Raffy · wall_segment Palisade Wall x1 |
| 20:50 | ITzMfMiyagi · first_market_sell 100 stone |
| 20:52 | ITzMfMiyagi · first_market_buy 100 food |
| 21:02 | Mapache · first_market_buy 100 food |
| 21:03 | Mapache · first_market_sell 100 wood |
| 21:53 | The Bloody-Nine · first_market_buy 100 wood |
| 23:23 | Hakka1_90 · wall_segment Stone Wall x1 |
| 23:24 | ITA | Raffy · age_up castle |
| 23:36 | TheTarkanArmy · first_market_buy 100 stone |
| 24:02 | Mapache · age_up castle |
| 24:09 | Mapache · first_building Siege Workshop |
| 24:09 | ITzMfMiyagi · wall_segment Stone Wall x1 |
| 24:14 | Mapache · first_building Castle |
| 24:19 | ITzMfMiyagi · age_up castle |
| 24:35 | ITzMfMiyagi · first_building Castle |
| 25:11 | Mapache · wall_segment Stone Wall x1 |
| 25:54 | Hakka1_90 · resign |
| 26:25 | ITA | CivettaLeotta · age_up castle |
[ AI ANALYSIS · 1 CREDIT ]
What really happened in this match?
Wolo.gg analyzes every decision: build order, eco, micro, common mistakes by bracket. Personalized analysis on WhatsApp or Discord in 30 seconds.
Civ guide
Bohemians
Perfil
Jugador #21682640